 Dungeon Crawl Stone Soup version 0.21-a0-349-g0c35859 (webtiles) character file.

151 lolnoob the Slasher (level 5, 0/39 HPs)
             Began as a Demonspawn Gladiator on Oct 8, 2017.
             Slain by a sky beast (2 damage)
             ... on level 3 of the Dungeon.
             The game lasted 00:02:39 (2224 turns).

lolnoob the Slasher (Demonspawn Gladiator)          Turns: 2224, Time: 00:02:42

Health: 0/39       AC:  5    Str: 20    XL:     5   Next: 11%
Magic:  5/5        EV: 12    Int: 15    God:
Gold:   114        SH:  0    Dex: 14    Spells: 4/4 levels left

rFire    . . .     SeeInvis .   a - +0 long sword
rCold    . . .     Gourm    .   (no shield)
rNeg     . . .     Faith    .   e - +0 ring mail
rPois    .         Spirit   .   (helmet restricted)
rElec    .         Reflect  .   (no cloak)
rCorr    .         Harm     .   (no gloves)
MR       .....                  (no boots)
Stlth    +.........             o - amulet of rage
HPRegen  0.13/turn              (no ring)
MPRegen  0.09/turn              (no ring)

@: mighty, brilliant
A: horns 1, sturdy frame 1
a: Evoke Berserk Rage


You were on level 3 of the Dungeon.
You were hungry.

You visited 1 branch of the dungeon, and saw 3 of its levels.

You collected 114 gold pieces.

Inventory:

Hand Weapons
 a - a +0 long sword (weapon)
Missiles
 d - 3 throwing nets (quivered)
Armour
 b - a +0 leather armour
 c - a +0 helmet
 e - a +0 ring mail (worn)
Jewellery
 m - a +3 ring of protection {unknown}
 o - an amulet of rage (around neck)
Potions
 i - a potion of might
 n - 2 potions of curing {unknown}
Comestibles
 f - a bread ration
 g - 2 royal jellies
 h - 5 meat rations


   Skills:
 + Level 2.3 Fighting
 * Level 4.8 Long Blades
 - Level 1.7 Throwing
 + Level 0.8 Armour
 + Level 3.0 Dodging


You had 4 spell levels left.
You didn't know any spells.

Dungeon Overview and Level Annotations

Branches:
Dungeon (3/15)

Altars:
Qazlal
Vehumet


Innate Abilities, Weirdness & Mutations

You have a pair of small horns on your head.
Your movements are slightly less encumbered by armour. (ER -2)


Message History

The goblin unwields an uncursed hunting sling.
The goblin wields an uncursed dagger.
The goblin misses you.
The sky beast flickers out of sight!
Deactivating autopickup; reactivate with Ctrl-A.
Something hits you. Something shocks you. The orc hits you with a short sword.
Unknown command.
It was a potion of might.
You feel very mighty all of a sudden. The orc barely misses you.
Something hits you. Something shocks you.
* * * LOW HITPOINT WARNING * * *
The goblin hits you with an uncursed dagger.
* * * LOW HITPOINT WARNING * * *
It was a potion of brilliance.
You feel clever all of a sudden. The orc hits you with a short sword.
* * * LOW HITPOINT WARNING * * *
A sky beast appears from thin air!
Reactivating autopickup.
The sky beast hits you.
You die...

#....#..###.###.###
#........#...#..†..
#
#>#+###.........###
#.
#.#................
#..
#.#################
#... #[.....#
#...<)
#....#..###.#
#.#### #.....Y.#
#....Ko@#
#.######g.....( #
....... .......
###.... .... ... ..


You could see a sky beast, an orc, a goblin and a kobold.

Vanquished Creatures
  8 adders
  An ooze (D:2)
  3 worms (D:2)
  A dart slug (D:3)
  2 leopard geckos
  5 bats
  5 giant cockroaches
  6 goblins
  5 hobgoblins
  6 jackals
  8 kobolds
  A quokka (D:3)
  4 frilled lizards
  9 rats
64 creatures vanquished.

Notes
Turn   | Place    | Note
-------+----------+-------------------------------------------
     0 | D:1      | lolnoob the Demonspawn Gladiator began the quest for the Orb.
     0 | D:1      | Reached XP level 1. HP: 16/16 MP: 1/1
   157 | D:1      | Reached skill level 3 in Long Blades
   165 | D:1      | Gained mutation: You have a pair of small horns on your head. [demonic ancestry]
   165 | D:1      | Reached XP level 2. HP: 20/22 MP: 2/2
   969 | D:2      | Reached XP level 3. HP: 26/27 MP: 3/3
  1412 | D:2      | Found a stormy altar of Qazlal.
  1414 | D:2      | Noticed an air elemental
  1414 | D:2      | Noticed an earth elemental
  1415 | D:2      | Noticed a water elemental
  1415 | D:2      | Noticed a fire elemental
  1462 | D:2      | Reached skill level 4 in Long Blades
  1468 | D:2      | Reached XP level 4. HP: 21/33 MP: 4/4
  2116 | D:3      | Found a radiant altar of Vehumet.
  2130 | D:3      | Gained mutation: Your movements are slightly less encumbered by armour. (ER -2) [demonic ancestry]
  2130 | D:3      | Reached XP level 5. HP: 31/39 MP: 5/5
  2216 | D:3      | Noticed a sky beast
  2224 | D:3      | Slain by a sky beast

Vault maps used:
D:1:      saegor_arrival_under_anarchy, st_stairs_14, minmay_split_cup_small
D:2:      minmay_door_path, nicolae_qazlal_style_of_elements
D:3:      vehumet_crystals, lemuel_coloured_pillars_altar,
          uniq_crazy_yiuf_cottage, uniq_ijyb

Skill      XL: |  1  2  3 |
---------------+----------+-----
Long Blades    | 3 4 |  4.8
Dodging        | 3 |  3.0
Fighting       | |  2.3
Throwing       | |  1.7
Armour         | |  0.8

Action                   |  1- 3 |  4- 6 || total
-------------------------+-------+-------++-------
Melee: Long sword        |   109 |    82 ||   191
       Headbutt          |    12 |    21 ||    33
  Use: Scroll            |       |     5 ||     5
       Potion            |       |     2 ||     2
  Eat: Chunk             |     2 |     2 ||     4
Armor: Ring mail         |    38 |    27 ||    65
       Leather armour    |     1 |       ||     1
Dodge: Dodged            |    73 |    48 ||   121
       Rpst.: Long sword |    22 |    19 ||    41

Table legend:
 A = Spawn XP
 B = Non-spawn XP
 C = Spawn XP percentage of total XP
 D = Spawn monster count
 E = Non-spawn monster count
 F = Spawn count percentage of total count
 G = Total turns spent on level
                    A         B        C        D         E        F      G
               +---------+---------+-------+---------+---------+-------+---------
         Total |       0 |     217 |   0.0 |       0 |      64 |   0.0 |  2224
               +---------+---------+-------+---------+---------+-------+---------
           D:1 |       0 |      27 |   0.0 |       0 |      16 |   0.0 |   899
           D:2 |       0 |     165 |   0.0 |       0 |      40 |   0.0 |  1196
           D:3 |       0 |      25 |   0.0 |       0 |       8 |   0.0 |   129
               +---------+---------+-------+---------+---------+-------+---------
